 Dungeon Crawl Stone Soup version 0.30-a0-4-ga7cffc901d (webtiles) character file.

Game seed: 6612486699439997881

430 Setbun the Slicer (level 7, -1/60 HPs)
             Began as a Kobold Brigand on Aug 21, 2022.
             Succumbed to Edmund's poison
             ... on level 4 of the Dungeon.
             The game lasted 00:04:52 (3913 turns).

Setbun the Slicer (Kobold Brigand)                  Turns: 3913, Time: 00:04:53

Health: -1/60      AC:  7    Str:  8 (9)  XL:     7   Next: 19%
Magic:  7/7        EV: 14    Int: 11 (12) God:
Gold:   219        SH:  5    Dex: 17 (18) Spells: 6/6 levels left

rFire   . . .      SeeInvis .    v - +1 dagger (vamp)
rCold   . . .      Faith    .    (no shield)
rNeg    . . .      Spirit   .    b - +0 robe
rPois   .          Reflect  +    j - +2 helmet
rElec   .          Harm     .    c - +0 cloak
rCorr   .          Rampage  .    s - +0 pair of gloves
Will    .....                    (no boots)
Stlth   ..........               m - amulet of reflection
HPRegen 0.20/turn                (no ring)
MPRegen 0.10/turn                (no ring)

@: berserking, lethally poisoned (-1 -> -29), very quick
A: small, no large weapons, nightstalker 3
a: no special abilities


You were on level 4 of the Dungeon.
You visited 1 branch of the dungeon, and saw 4 of its levels.
You also visited: Sewer.

You collected 219 gold pieces.

Inventory:

Hand Weapons
 a - a +3 dagger
 r - a +0 vampiric dagger
 v - a +1 vampiric dagger (weapon)
Missiles
 d - 13 poisoned darts (quivered)
 e - 3 curare-tipped darts
 q - 4 atropa-tipped darts
Armour
 b - a +0 robe (worn)
 c - a +0 cloak (worn)
 j - a +2 helmet (worn)
 s - a +0 pair of gloves (worn)
Jewellery
 m - an amulet of reflection (around neck)
 n - a ring of flight
Wands
 w - a wand of charming (7)
Scrolls
 h - a scroll of fog
 i - 6 scrolls of identify
 k - 2 scrolls of teleportation {unknown}
 o - a scroll of noise {unknown}
 p - a scroll of blinking
Potions
 u - a potion of flight {unknown}


   Skills:
 - Level 2.1 Fighting
 + Level 9.5 Short Blades
 - Level 2.1 Throwing
 - Level 1.2 Dodging
 - Level 5.3 Stealth


You had 6 spell levels left.
You didn't know any spells.
Your spell library contained the following spells:

 Spells                   Type           Power      Damage    Failure   Level
 Freeze                   Ice            0%         1d3       34%         1
 Magic Dart               Conj           0%         1d3       34%         1
 Searing Ray              Conj           0%         2d4       47%         2
 Frozen Ramparts          Ice            0%         1d1       71%         3
 Fulminant Prism          Conj/Hex       0%         3d6       98%         4
 Hailstorm                Conj/Ice       0%         3d3       98%         4


Dungeon Overview and Level Annotations

Branches:
Dungeon (4/15)              Sewer (visited)
 Temple: D:4-7

Altars:

Shops:
D:2 *

Annotations:
D:4 3 runed translucent doors, Edmund


Innate Abilities, Weirdness & Mutations

You are small and have problems with some larger weapons.
You are completely attuned to the shadows.


Message History

No target in view!
No target in view!
No target in view!
A kobold comes into view. It is wielding a +0 dagger.
A kobold is nearby!
A kobold is nearby!
No reachable target in view!
No reachable target in view!
Edmund shouts!
You hear a shout!
You block Edmund's attack.
The kobold throws a stone.
You reflect the stone off an invisible shield around you!
The stone completely misses the kobold.
You barely miss Edmund. You hit Edmund but do no damage.
Edmund hits you with a +2 flail of venom.
You are poisoned.
You hit Edmund but do no damage.
You feel sick.
You hit Edmund but do no damage.
You feel sick.
The kobold throws a stone.
The stone closely misses you.
Edmund hits you with a +2 flail of venom.
You are more poisoned.
You hit Edmund but do no damage.
You feel sick.
You hit Edmund but do no damage.
You feel sick.
Edmund hits you with a +2 flail of venom.
You are more poisoned.
You completely miss Edmund.
You feel very sick.
You hit Edmund but do no damage.
You feel sick. Edmund barely misses you.
You hit Edmund but do no damage.
You feel sick.
You hit Edmund but do no damage.
You feel sick.
The kobold throws a stone.
The stone hits you but does no damage.
Edmund hits you with a +2 flail of venom!
* * * LOW HITPOINT WARNING * * *
You are more poisoned.
You hit Edmund but do no damage.
* * * LOW HITPOINT WARNING * * *
You feel very sick.
A red film seems to cover your vision as you go berserk!
You feel yourself moving faster!
You feel mighty!
You die...

#.........##.....
#................
#.....)....#.....
###########.........##.....
.....##..........†..##.....
....................###...#
...........................
...................>....###
..........@@.........#.....
#.........≈≈≈≈≈≈≈≈≈).......##.
#.........≈..K............###.
#.........≈.§≈≈≈≈.≈...#..####.
#....)...≈.≈...≈.≈......##...
##.......≈.≈. .≈.≈.o.#.....##
#..##.##.≈§§...≈.≈..###).####
#K.#..##.≈§§≈≈≈≈.≈...<.......
#..#.###.≈.......≈..###..####


You could see Edmund and a kobold.

Vanquished Creatures
  2 water moccasins
  An ogre (D:4)
  4 adders
  5 worms
  4 dart slugs
  5 orcs
  9 ball pythons
  10 bats
  9 endoplasms
  3 giant cockroaches
  5 goblins
  4 hobgoblins
  10 kobolds
  4 quokkas
  3 frilled lizards
  4 rats
82 creatures vanquished.

Notes
Turn   | Place    | Note
-------+----------+-------------------------------------------
     0 | D:1      | Setbun the Kobold Brigand began the quest for the Orb.
     0 | D:1      | Reached XP level 1. HP: 12/12 MP: 1/1
    32 | D:1      | Reached skill level 3 in Short Blades
    52 | D:1      | Reached XP level 2. HP: 7/17 MP: 2/2
   441 | D:1      | Reached skill level 4 in Short Blades
   657 | D:1      | Reached XP level 3. HP: 21/21 MP: 3/3
   722 | D:1      | Found a faded altar of an unknown god.
  1041 | D:2      | Reached skill level 5 in Short Blades
  1134 | D:2      | Reached XP level 4. HP: 26/26 MP: 4/4
  1550 | D:2      | Found Intoskid's General Store.
  1751 | D:3      | Reached skill level 6 in Short Blades
  2634 | D:4      | Reached XP level 5. HP: 30/30 MP: 5/5
  2804 | D:4      | Noticed Edmund
  2898 | D:4      | Found a glowing drain.
  2913 | Sewer    | Entered a sewer
  3008 | Sewer    | Noticed a water moccasin
  3043 | Sewer    | Killed a water moccasin
  3044 | Sewer    | Reached skill level 8 in Short Blades
  3044 | Sewer    | Reached XP level 6. HP: 12/35 MP: 6/6
  3383 | D:4      | Found a runed translucent gate.
  3384 | D:4      | Found a runed translucent gate.
  3385 | D:4      | Found a runed translucent gate.
  3479 | D:4      | Noticed a water moccasin
  3521 | D:4      | Killed a water moccasin
  3665 | D:4      | Reached skill level 9 in Short Blades
  3807 | D:4      | Noticed an ogre
  3828 | D:4      | Killed an ogre
  3829 | D:4      | Reached XP level 7. HP: 40/40 MP: 7/7
  3913 | D:4      | Succumbed to Edmund's poison

Illustrated notes

Levels and vault maps discovered:
D:1:      minmay_arrival_radiant_lines, layout_basic,
          shapermc_ecumenical_altar_acropolis
D:2:      layout_basic, serial_shops, shop
D:3:      layout_loops_ring
D:4:      layout_rooms, mainiacjoe_overflow_concentric_impassable,
          gammafunk_ghost_split, cheibrodos_sewer_entry_bend, uniq_edmund

Skill      XL: |  1  2  3  4  5  6 |
---------------+-------------------+-----
Short Blades   | 3 4 5 6 8 9 |  9.5
Fighting       | |  2.1
Throwing       | |  2.1
Dodging        | |  1.2
Stealth        | |  5.3

Action                   |  1- 3 |  4- 6 |  7- 9 || total
-------------------------+-------+-------+-------++-------
Melee: Dagger            |    75 |   233 |    12 ||   320
       Punch             |     1 |     2 |       ||     3
  Use: Scroll            |       |     5 |       ||     5
       Potion            |       |     5 |     1 ||     6
 Stab: Sleeping          |    18 |    20 |     1 ||    39
       Distracted        |       |     1 |       ||     1
Armor: Robe              |     7 |    23 |     1 ||    31
       Skin              |       |    17 |       ||    17
Dodge: Dodged            |    33 |    77 |     2 ||   112
Block: Other             |     3 |    26 |     2 ||    31
       Reflection        |       |       |     1 ||     1

Table legend: (Time is in decaauts)
 A = Elapsed time spent in this place.
 B = Non-inter-level travel time spent in this place.
 C = Inter-level travel time spent in this place.
 D = Time resting spent in this place.
 E = Time spent auto-exploring this place.
 F = Levels seen in this place.
 G = Mean time per level.
                   A        B        C        D        E       F      G
               +--------+--------+--------+--------+--------+-----+--------+
         Total |   3815 |   3679 |    136 |    287 |   2694 |   5 |  763.0 |
       Dungeon |   3454 |   3318 |    136 |     81 |   2612 |   4 |  863.5 |
         Sewer |    360 |    360 |      0 |    206 |     82 |   1 |  360.0 |
               +--------+--------+--------+--------+--------+-----+--------+

Top non-repeatable levels by time:
     D:4: 997 daAuts
     D:1: 936 daAuts
     D:3: 762 daAuts
     D:2: 758 daAuts
   Sewer: 360 daAuts
